 Dungeon Crawl Stone Soup version 0.24.0-13-gcf9b319 (webtiles) character file.

Game seed: 6428712698185889110, levelgen mode: deterministic

77 Fang the Skirmisher (level 4, -4/29 HPs)
             Began as a Gargoyle Berserker on Nov 13, 2019.
             Was a Believer of Trog.
             Slain by Sigmund
             ... wielding a +0 scythe
              (9 damage)
             ... on level 3 of the Dungeon.
             The game lasted 00:01:30 (1757 turns).

Fang the Skirmisher (Gargoyle Berserker)            Turns: 1757, Time: 00:01:30

Health: -4/29      AC:  5    Str: 22    XL:     4   Next: 33%
Magic:  4/4        EV: 12    Int:  7    God:    Trog [**....]
Gold:   139        SH:  0    Dex:  9    Spells: 3/3 levels left

rFire    + . .     SeeInvis .   a - +0 hand axe
rCold    . . .     Gourm    .   (no shield)
rNeg     + . .     Faith    .   b - +0 animal skin
rPois    ∞         Spirit   .   (no helmet)
rElec    +         Reflect  .   (no cloak)
rCorr    .         Harm     .   (no gloves)
MR       .....                  (no boots)
Stlth    +.........             (no amulet)
HPRegen  0.09/turn              g - ring of protection from fire
MPRegen  0.09/turn              (no ring)

@: berserk cooldown, slowed, very slow
A: negative energy resistance 1, electricity resistance, unbreathing,
petrification resistance, rot immunity, AC +3
a: Berserk, Trog's Hand, Renounce Religion


You were on level 3 of the Dungeon.
You worshipped Trog.
Trog was pleased with you.
You were very hungry.

You visited 1 branch of the dungeon, and saw 3 of its levels.

You collected 139 gold pieces.

Inventory:

Hand Weapons
 a - a +0 hand axe (weapon)
Armour
 b - a +0 animal skin (worn)
Jewellery
 g - a ring of protection from fire (left hand)
Scrolls
 e - 3 scrolls of identify {unknown}
 f - 4 scrolls of enchant armour {unknown}
 l - a scroll of amnesia {unknown}
 n - 2 scrolls of remove curse {unknown}
Potions
 h - 3 potions of flight {unknown}
 i - 2 potions of mutation {unknown}
 j - 2 potions of brilliance {unknown}
 k - 2 potions of might {unknown}
 m - a potion of magic {unknown}
Comestibles
 c - 3 rations
 d - 3 chunks of flesh


   Skills:
 + Level 3.9 Fighting
 + Level 3.3 Axes
 + Level 3.0 Armour
 + Level 2.2 Dodging


You had 3 spell levels left.
You didn't know any spells.
Your spell library was empty.

Dungeon Overview and Level Annotations

Branches:
Dungeon (3/15)

Altars:
Qazlal

Annotations:
D:3 Sigmund


Innate Abilities, Weirdness & Mutations

You are resistant to torment.
Your stone body is resilient. (AC +3)
You are immune to poison.
You resist negative energy. (rN+)
You are resistant to electric shocks. (rElec)
You can survive without breathing.
You are immune to petrification.
You are immune to rotting.


Message History

Something hits you but does no damage.
You barely miss something.
You feel the effects of Trog's Hand fading.
You closely miss something. Something hits you.
You miss something. You miss something. Something completely misses you.
You slash something! You miss something. Something hits you.
You closely miss something.
You are no longer berserk.
You are exhausted.
You feel yourself slow down.
You closely miss something.
Your skin stops crawling.
You feel less resistant to hostile enchantments.
Something hits you!
* * * LOW HITPOINT WARNING * * *
You hit something. Something hits you but does no damage.
You hit something. Something hits you but does no damage. Something hits you!
You die...

.###### ......#
......# ......#
### ###
......#####.# #..
...#.#......# #.#
...#.#.####.# #.#
...#...#
#.####.###.###
...#####
#.....@{......
...#
#....###.......###
#.##.#.......#...#
#...#...#.# ..#
###.....#.# .
.........
####.....##
....###


There were no monsters in sight!

Vanquished Creatures
  2 adders
  An ooze (D:1)
  A dart slug (D:1)
  2 leopard geckos (D:2)
  4 giant cockroaches
  5 goblins
  4 hobgoblins
  5 jackals
  A ball python (D:1)
  8 bats
  3 frilled lizards
  7 kobolds
  4 rats
47 creatures vanquished.

Notes
Turn   | Place    | Note
-------+----------+-------------------------------------------
     0 | D:1      | Fang the Gargoyle Berserker began the quest for the Orb.
     0 | D:1      | Reached XP level 1. HP: 14/14 MP: 1/1
   134 | D:1      | Reached XP level 2. HP: 19/19 MP: 2/2
   654 | D:1      | Reached XP level 3. HP: 23/23 MP: 3/3
   667 | D:1      | Reached ** piety under Trog
   951 | D:2      | Found a stormy altar of Qazlal.
  1140 | D:2      | Noticed an earth elemental
  1143 | D:2      | Noticed a fire elemental
  1143 | D:2      | Noticed an air elemental
  1143 | D:2      | Noticed a water elemental
  1285 | D:2      | Reached XP level 4. HP: 29/29 MP: 4/4
  1735 | D:3      | Noticed Sigmund
  1757 | D:3      | Slain by Sigmund

Levels and vault maps discovered:
D:1:      eino_arrival_tree_alley, layout_basic, minmay_quantized
D:2:      layout_basic, nicolae_qazlal_style_of_elements
D:3:      layout_basic, gammafunk_temple_overflow_wave,
          kennysheep_generic_room_10, uniq_sigmund, uniq_natasha

Skill      XL: |  1  2  3  4 |
---------------+-------------+-----
Axes           | 3 |  3.3
Dodging        | 2 |  2.2
Armour         | 3 |  3.0
Fighting       | |  3.9

Action                   |  1- 3 |  4- 6 || total
-------------------------+-------+-------++-------
Melee: Hand axe          |   138 |    66 ||   204
Invok: Berserk           |     1 |     1 ||     2
       Trog's Hand       |       |     1 ||     1
  Eat: Chunk             |     2 |     2 ||     4
Armor: Animal skin       |    64 |    18 ||    82
Dodge: Dodged            |   119 |    53 ||   172
